 Dungeon Crawl Stone Soup version 0.17-a0-2109-g117576f (webtiles) character file.

2257 Duffy the Blocker (level 9, -2/64 HPs)
             Began as a Formicid Fighter on Oct 19, 2015.
             Was a Follower of Cheibriados.
             Slain by an ogre
             ... wielding a +0 giant spiked club
              (22 damage)
             ... on level 7 of the Dungeon.
             The game lasted 00:09:35 (7684 turns).

Duffy the Blocker (Formicid Fighter)                Turns: 7684, Time: 00:09:35

Health: -2/64      AC: 14    Str: 28    XL:     9   Next: 64%
Magic:  9/9        EV:  6    Int: 12    God:    Cheibriados [*.....]
Gold:   452        SH: 19    Dex: 13    Spells: 0 memorised, 8 levels left

rFire  + + .     SeeInvis +     a - +0 war axe
rCold  . . .     Clarity  .     n - +0 plate armour
rNeg   . . .     SustAt   .     y - +0 large shield
rPois  +         Gourm    .     (helmet unavailable)
rElec  .         Spirit   .     b - +1 cloak
rCorr  .         Warding  .     (no gloves)
rMut   .         Stasis   +     (no boots)
MR     .....                    (no amulet)
Stlth  ..........               (no ring)
                                i - ring of Yfruekk {+Fly rPois rF++ Str+2}

@: very slow, not resistant to hostile enchantments, extremely unstealthy
A: permanent stasis, dig shafts and tunnels, four strong arms, antennae 3
a: Dig, Shaft Self, Bend Time, Renounce Religion, Evoke Flight


You were on level 7 of the Dungeon.
You worshipped Cheibriados.
Cheibriados was aware of your devotion.
You were not hungry.

You visited 2 branches of the dungeon, and saw 8 of its levels.

You collected 452 gold pieces.


Innate Abilities, Weirdness & Mutations

You are under a permanent stasis effect.
You can dig through walls and to a lower floor.
Your four strong arms can wield two-handed weapons with a shield.
You have a pair of large antennae on your head (SInv).


   Skills:
 - Level 3.2 Fighting
 + Level 7.6 Axes
 - Level 5.2 Armour
 + Level 11.1 Shields


You had 8 spell levels left.
You didn't know any spells.

Inventory:

Hand Weapons
 a - a +0 war axe (weapon)
Missiles
 f - 143 stones (quivered)
Armour
 b - a +1 cloak (worn)
 n - a +0 plate armour (worn)
 y - a +0 large shield (worn)
Jewellery
 d - an uncursed ring of protection from magic {unknown}
 i - the ring of Yfruekk (left hand) {+Fly rPois rF++ Str+2}

   [ring of poison resistance]

   It affects your strength (+2).
   It greatly protects you from fire.
   It protects you from poison.
   It lets you fly.
 m - an uncursed ring of fire
 u - an uncursed ring of ice
Wands
 p - a wand of fireball (6)
 x - a wand of lightning (10)
 A - a wand of confusion (30)
Scrolls
 c - a scroll of teleportation {unknown}
 h - 2 scrolls of enchant armour
 l - 3 scrolls of remove curse
 o - a scroll of immolation {unknown}
 q - a scroll of amnesia {unknown}
 r - 2 scrolls of noise {unknown}
 s - a scroll of fear {unknown}
 E - a scroll of fog {unknown}
 H - a scroll of recharging {unknown}
Potions
 g - 3 potions of lignification
 j - a potion of heal wounds
 t - a potion of cure mutation
 v - 2 potions of curing
 w - a potion of brilliance {unknown}
 z - a potion of flight
 B - a potion of poison
 F - a potion of cancellation
Books
 D - a book of Burglary
Comestibles
 e - 3 bread rations
 k - a beef jerky
 C - 2 meat rations
 G - 2 fruits
 I - 6 chunks of flesh

Dungeon Overview and Level Annotations

Branches:
Dungeon (7/15)             Temple (1/1) D:5

Altars:
Ashenzari
Cheibriados
Dithmenos
Elyvilon
Fedhas
Gozag
Kikubaaqudgha
Makhleb
Nemelex Xobeh
Okawaru
Qazlal
Ru
Sif Muna
Trog
Vehumet
Xom
Yredelemnul
Zin
The Shining One

Shops:
D:7 :%


Message History

You climb downwards.
There is a stone staircase leading up here.
Found a steaming robe.
You sense a monster nearby.
You found a shaft!
An adder and an ogre come into view.
You block the adder's attack.
Found 18 gold pieces.
You slash the adder!
You kill the adder!
Cheibriados appreciates the change of pace.
You hit the ogre.
The ogre is lightly wounded.
The ogre hits you with a giant spiked club!
You hit the ogre but do no damage.
The ogre is lightly wounded.
The ogre hits you with a giant spiked club!
You slash the ogre!
The ogre is moderately wounded.
You hit the ogre.
The ogre is heavily wounded.
You block the ogre's attack.
You hit the ogre.
The ogre is severely wounded.
You block the ogre's attack.
You closely miss the ogre.
The ogre is severely wounded.
The ogre hits you with a giant spiked club!
You are too injured to fight recklessly!
You are too injured to fight recklessly!
You are too injured to fight recklessly!
You closely miss the ogre.
The ogre is severely wounded.
The ogre hits you with a giant spiked club!!
You die...

......###.##...##..###...........
∩.....# #...##.##.## #...........
......# #... #....# ####........
########.....##..#####....#......
.................####......
...........########........
.#.##.####....^.....#...... #
#.#.#####......).# #@..#
######### #....O........
#..$.......... ...............
....###........ ...# #........
### ########.


You could see an ogre.

Action                   |  1- 3 |  4- 6 |  7- 9 || total
-------------------------+-------+-------+-------++-------
Melee: War axe           |   139 |   213 |   288 ||   640
 Abil: Dig               |       |       |     6 ||     6
  Use: Scroll            |       |     7 |     4 ||    11
       Potion            |       |       |     1 ||     1
  Eat: Chunk             |     2 |     6 |     6 ||    14
       Bread ration      |       |     2 |       ||     2

Notes
Turn   | Place    | Note
--------------------------------------------------------------
     0 | D:1      | Duffy the Formicid Fighter began the quest for the Orb.
     0 | D:1      | Reached XP level 1. HP: 18/18 MP: 1/1
   123 | D:1      | Reached XP level 2. HP: 18/24 MP: 2/2
   211 | D:1      | Reached skill level 4 in Shields
   536 | D:1      | Reached XP level 3. HP: 25/29 MP: 3/3
  1368 | D:2      | Found an iron altar of Okawaru.
  1382 | D:2      | Reached XP level 4. HP: 33/35 MP: 4/4
  1386 | D:2      | Reached skill level 3 in Axes
  1610 | D:2      | Reached skill level 5 in Shields
  1720 | D:2      | Found a faded altar to an unknown god.
  2024 | D:2      | Reached XP level 5. HP: 26/41 MP: 5/5
  2178 | D:2      | Reached skill level 4 in Armour
  2760 | D:3      | Found a basalt altar of Yredelemnul.
  3474 | D:4      | Reached skill level 6 in Shields
  3474 | D:4      | Reached XP level 6. HP: 32/47 MP: 6/6
  3609 | D:4      | Got a transparent chain mail
  3620 | D:4      | Identified the cursed +0 chain mail of Analysis {+Fly rN+} (You found it on level 4 of the Dungeon)
  4087 | D:4      | Noticed an ice beast
  4113 | D:4      | Killed an ice beast
  4113 | D:4      | Reached skill level 4 in Axes
  4113 | D:4      | Reached skill level 5 in Armour
  4113 | D:4      | Reached skill level 7 in Shields
  4113 | D:4      | Reached XP level 7. HP: 33/52 MP: 7/7
  4478 | D:4      | Found a blossoming altar of Fedhas.
  4480 | D:4      | Found a shadowy altar of Dithmenos.
  4485 | D:4      | Found a radiant altar of Vehumet.
  4488 | D:4      | Found an iron altar of Okawaru.
  4489 | D:4      | Found a burning altar of Makhleb.
  4709 | D:5      | Entered Level 5 of the Dungeon
  4720 | D:5      | Noticed Grinder
  4909 | D:5      | Killed Grinder
  4909 | D:5      | Reached skill level 8 in Shields
  4909 | D:5      | Reached XP level 8. HP: 58/58 MP: 8/8
  4920 | D:5      | Found a staircase to the Ecumenical Temple.
  4929 | Temple   | Entered the Ecumenical Temple
  5362 | Temple   | Became a worshipper of Cheibriados the Contemplative
  6137 | D:6      | Found an opulent altar of Gozag.
  6227 | D:6      | Reached skill level 5 in Axes
  6227 | D:6      | Reached skill level 9 in Shields
  6575 | D:6      | Found a white marble altar of Elyvilon.
  6578 | D:6      | Got a coiled pewter ring
  6579 | D:6      | Identified the ring of Yfruekk {+Fly rPois rF++ Str+2} (You found it on level 6 of the Dungeon)
  6844 | D:6      | Reached skill level 6 in Axes
  6853 | D:6      | Reached * piety under Cheibriados
  6853 | D:6      | Reached XP level 9. HP: 51/64 MP: 9/9
  6926 | D:6      | Reached skill level 10 in Shields
  7214 | D:7      | Found Solent's Food Shoppe.
  7245 | D:6      | Reached skill level 7 in Axes
  7260 | D:6      | Reached skill level 11 in Shields
  7494 | D:7      | Found Boqo Ono's Book Shop.
  7684 | D:7      | Slain by an ogre

Vault maps used:
D:1:      lemuel_arrival_river_ford
D:2:      wad_woods_stonehenge, first_bread, ecumenical_altar_1
D:3:      yredelemnul_altar_generic
D:4:      minitemple
D:5:      minmay_temple_entry_poolview, roderic_lattice_a, uniq_grinder
D:6:      overflow_temple_1_default, basic_altar
D:7:      serial_shops, shop, nicolae_shop_behind_doors
Temple:   minmay_temple_forest_path_12

Vanquished Creatures
  Grinder
  3 yaks
  A phantom
  3 ice beasts
  An ogre
  2 centaurs
  3 giant frogs
  2 scorpions
  2 orc priests
  A giant frog skeleton
  3 hounds
  2 orc wizards
  2 iguanas
  5 worker ants
  4 hound skeletons
  12 adders
  4 gnolls
  4 river rats
  A shadow imp
  An ooze
  4 giant geckos
  3 orcs
  7 bats
  7 giant cockroaches
  12 goblins
  7 hobgoblins
  7 kobolds
  A giant gecko skeleton
  4 giant newts
  6 jackals
  A jackal skeleton
  A quokka zombie
  7 rats
  5 plants
129 creatures vanquished.
